 Dungeon Crawl Stone Soup version 0.17.0-24-gcfadda4 (webtiles) character file.

8660 4thArraOfDagon the Grappler (level 11, -4/86 HPs)
             Began as a Minotaur Earth Elementalist on Nov 17, 2015.
             Was an Elder of Cheibriados.
             Shot with a bolt by an orc warrior (28 damage)
             ... on level 4 of the Orcish Mines.
             The game lasted 00:28:27 (5079 turns).

4thArraOfDagon the Grappler (MiEE)                  Turns: 5079, Time: 00:28:27

Health: -4/86      AC:  9    Str: 29    XL:     11   Next: 12%
Magic:  13/13      EV: 16    Int: 22    God:    Cheibriados [****..]
Gold:   775        SH: 14    Dex: 21    Spells: 1 memorised, 11 levels left

rFire  . . .     SeeInvis +       - Unarmed
rCold  . . .     Clarity  .     e - +0 scale mail
rNeg   . . .     SustAt   .     u - +0 shield
rPois  .         Gourm    .     w - +0 mask of the Dragon {MR+ Slay+3 SInv}
rElec  .         Spirit   .     y - +0 cloak
rCorr  .         Warding  .     Q - +0 pair of gloves
rMut   .         Stasis   .     R - +0 pair of boots
MR     +....                    h - amulet of regeneration
Stlth  +.........               l - +2 ring of evasion
                                n - +3 ring of strength

@: very slow, somewhat resistant to hostile enchantments, very unstealthy
A: retaliatory headbutt, horns 2
a: Bend Time, Temporal Distortion, Slouch, Renounce Religion


You were on level 4 of the Orcish Mines.
You worshipped Cheibriados.
Cheibriados was greatly pleased with you.
You were not hungry.

You visited 3 branches of the dungeon, and saw 16 of its levels.

You collected 775 gold pieces.

Inventory:

Hand Weapons
 a - a +6 blowgun
Missiles
 i - 5 curare-tipped needles
 o - 2 throwing nets
 Y - 5 stones (quivered)
Armour
 e - a +0 scale mail (worn)
 u - a +0 shield (worn)
 w - the +0 mask of the Dragon (worn) {MR+ Slay+3 SInv}
   (You found it on level 6 of the Dungeon)

   It affects your accuracy and damage with ranged weapons and melee attacks
   (+3).
   It affects your resistance to hostile enchantments.
   It lets you see invisible.
 y - a +0 cloak (worn)
 Q - a +0 pair of gloves (worn)
 R - a +0 pair of boots (worn)
Jewellery
 h - an amulet of regeneration (around neck)
 k - an uncursed ring of protection from fire
 l - a +2 ring of evasion (right hand)
 n - a +3 ring of strength (left hand)
 q - an uncursed ring of protection from magic
 I - an uncursed ring of poison resistance {unknown}
 K - an uncursed ring of magical power {unknown}
 L - a cursed amulet of inaccuracy {unknown}
 N - a +4 ring of strength
 O - a +2 ring of intelligence {unknown}
Wands
 t - a wand of flame (9)
 z - a wand of draining (0)
 C - a wand of teleportation (4)
 S - a wand of draining (4)
 U - a wand of frost (21)
 X - a wand of polymorph (16)
Scrolls
 p - 6 scrolls of remove curse
 s - a scroll of blinking
 D - a scroll of amnesia
 E - 2 scrolls of enchant weapon
 T - a scroll of identify
 V - 4 scrolls of fog
Potions
 b - 3 potions of curing
 f - a potion of haste {unknown}
 g - 3 potions of heal wounds
 j - 2 potions of lignification {unknown}
 m - a potion of might {unknown}
 r - 3 potions of ambrosia {unknown}
 v - 2 potions of degeneration {unknown}
 A - a potion of magic {unknown}
 B - 2 potions of brilliance {unknown}
 F - 2 potions of flight {unknown}
 M - a potion of resistance
Books
 c - a book of Geomancy

   Spells                             Type                      Level
   a - Sandblast                      Earth                        1
   b - Stoneskin                      Transmutation/Earth          2
   c - Passwall                       Transmutation/Earth          3
   d - Stone Arrow                    Conjuration/Earth            3
   e - Petrify                        Transmutation/Earth          4
   f - Lee's Rapid Deconstruction     Earth                        5
 G - a book of Air

   Spells                             Type                      Level
   a - Shock                          Conjuration/Air              1
   b - Swiftness                      Charms/Air                   2
   c - Repel Missiles                 Charms/Air                   2
   d - Static Discharge               Conjuration/Air              3
   e - Lightning Bolt                 Conjuration/Air              5
 H - a book of Cantrips

   Spells                             Type                      Level
   a - Corona                         Hexes                        1
   b - Animate Skeleton               Necromancy                   1
   c - Summon Small Mammal            Summoning                    1
   d - Apportation                    Translocation                1
 J - a book of Conjurations

   Spells                             Type                      Level
   a - Magic Dart                     Conjuration                  1
   b - Searing Ray                    Conjuration                  2
   c - Dazzling Spray                 Conjuration/Hexes            3
   d - Fulminant Prism                Conjuration/Hexes            4
   e - Iskenderun's Mystic Blast      Conjuration                  4
   f - Iskenderun's Battlesphere      Conjuration/Charms           5
Miscellaneous
 P - a plain deck of wonders
 W - a phial of floods (inert)
Comestibles
 d - 3 bread rations
 x - 8 meat rations


   Skills:
 + Level 5.1 Fighting
 + Level 5.4 Dodging
 - Level 1.5 Stealth
 + Level 10.4 Shields
 * Level 13.2 Unarmed Combat
 - Level 1.3 Spellcasting
   Level 0.7 Transmutations
 - Level 2.4 Earth Magic
 + Level 4.6 Invocations


You had 11 spell levels left.
You knew the following spells:

 Your Spells              Type           Power        Failure   Level  Hunger
a - Sandblast             Erth           ##....       24%         1    #......


Dungeon Overview and Level Annotations

Branches:
Dungeon (11/15)            Temple (1/1) D:7            Lair (0/8) D:8
    Orc (4/4) D:11
    Elf: Orc:3-4

Altars:
Ashenzari
Cheibriados
Dithmenos
Elyvilon
Fedhas
Gozag
Kikubaaqudgha
Makhleb
Nemelex Xobeh
Okawaru
Qazlal
Ru
Sif Muna
Trog
Vehumet
Xom
Yredelemnul
Zin
The Shining One
Beogh

Shops:
D:10 =

Annotations:
D:4 4thArraOfDagon's ghost, weakling MiTm
D:7 Dowan; Duvessa; Pikel
D:9 exclusion: ice statue


Innate Abilities, Weirdness & Mutations

You reflexively headbutt those who attack you in melee.
You have a pair of horns on your head.


Message History

The orc barely misses you.
Unknown command.
You completely miss the centaur. You headbutt the centaur!
The centaur is heavily wounded.
The centaur barely misses you.
Unknown command.
You punch the centaur!
The centaur is almost dead.
You block the centaur's attack.
The orc hits you from afar with a trident.
* * * LOW HITPOINT WARNING * * *
Unknown command.
The orc warrior shouts!
You punch the centaur!
You kill the centaur!
Cheibriados appreciates the change of pace.
The orc warrior unwields an uncursed glaive.
The orc warrior wields an arbalest.
The orc warrior shoots a bolt.
The bolt hits you!!
You die...

####...#...
##.#.........
#............
#...(...#o.o.
###..(....#co.
##...(.......oo
#.....(...o#...
###.....(..)##..
##........(.)@##..#
##..........()).....o.
##.....................
#...................(..
........(..............
..............#........
.......................
.......................
..#..................


You could see an orc warrior and an orc.

Vanquished Creatures
  Josephine (D:11)
  A hill giant (D:11)
  An orc knight (Orc:1)
  A centaur zombie (D:11)
  A two-headed ogre (D:11)
  A troll (D:8)
  A spriggan (D:11)
  3 yaks (D:9)
  The ghost of homeworkjunkie the Sneak, an amateur SpAs (D:7)
  3 wraiths (D:11)
  A hungry ghost (D:11)
  2 wargs (Orc:1)
  A soldier ant (D:11)
  8 orc warriors
  A black bear (D:10)
  2 sky beasts
  3 ogres
  3 ice beasts
  A water moccasin (D:5)
  A phantom (D:8)
  10 centaurs
  4 giant frogs
  A big kobold (D:11)
  2 scorpions
  5 killer bees
  4 hounds
  A wasp zombie (D:8)
  7 crimson imps
  A giant frog zombie (D:5)
  2 quasits
  A giant frog skeleton (D:11)
  5 orc priests
  3 jellies
  7 orc wizards
  4 worker ants
  3 iguanas
  A hound skeleton (D:7)
  3 worker ant zombies
  4 gnolls (D:9)
  10 adders
  An adder skeleton (D:7)
  3 worms
  3 giant geckos
  71 orcs
  4 bats
  4 giant cockroaches
  4 hobgoblins
  6 jackals
  A quokka (D:5)
  2 ball pythons
  3 giant newts
  A goblin (D:1)
  9 kobolds
  2 quokka skeletons
  A quokka zombie (D:6)
  5 rats
235 creatures vanquished.

Vanquished Creatures (collateral kills)
  A giant frog (D:11)
1 creature vanquished.

Grand Total: 236 creatures vanquished

Notes
Turn   | Place    | Note
--------------------------------------------------------------
     0 | D:1      | 4thArraOfDagon the Minotaur Earth Elementalist began the quest for the Orb.
     0 | D:1      | Reached XP level 1. HP: 14/14 MP: 1/1
   102 | D:1      | Reached skill level 1 in Unarmed Combat
   173 | D:2      | Found a faded altar to an unknown god.
   255 | D:2      | Reached XP level 2. HP: 12/20 MP: 3/3
   542 | D:2      | Reached skill level 1 in Shields
   688 | D:4      | Noticed 4thArraOfDagon's ghost (weakling MiTm)
   733 | D:5      | Entered Level 5 of the Dungeon
   870 | D:5      | Reached skill level 3 in Unarmed Combat
   870 | D:5      | Reached XP level 3. HP: 20/26 MP: 4/4
   983 | D:6      | Noticed a scorpion
  1055 | D:6      | Killed a scorpion
  1055 | D:6      | Reached XP level 4. HP: 33/33 MP: 5/5
  1125 | D:7      | Noticed homeworkjunkie's ghost (amateur SpAs)
  1220 | D:7      | Reached skill level 4 in Unarmed Combat
  1307 | D:5      | Reached XP level 5. HP: 38/38 MP: 6/6
  1473 | D:4      | Noticed an ogre
  1480 | D:4      | Killed an ogre
  1480 | D:4      | Reached skill level 5 in Unarmed Combat
  1480 | D:4      | Reached XP level 6. HP: 22/45 MP: 7/7
  1921 | D:6      | Reached skill level 6 in Unarmed Combat
  2063 | D:6      | Reached skill level 5 in Shields
  2063 | D:6      | Reached XP level 7. HP: 50/50 MP: 8/8
  2132 | D:7      | Found a blossoming altar of Fedhas.
  2179 | D:7      | Noticed Duvessa
  2179 | D:7      | Noticed Dowan
  2180 | D:7      | Noticed a slave
  2254 | D:7      | Killed homeworkjunkie's ghost
  2254 | D:7      | Reached skill level 7 in Unarmed Combat
  2306 | D:7      | Found a staircase to the Ecumenical Temple.
  2317 | Temple   | Entered the Ecumenical Temple
  2384 | D:7      | Noticed a slave
  2386 | D:7      | Noticed a slave
  2386 | D:7      | Noticed a slave
  2388 | D:7      | Noticed Pikel
  2410 | D:8      | Found a staircase to the Lair.
  2410 | D:8      | Noticed a troll
  2528 | D:9      | Noticed an ice statue
  2609 | D:8      | Killed a troll
  2609 | D:8      | Reached skill level 8 in Unarmed Combat
  2609 | D:8      | Reached XP level 8. HP: 25/57 MP: 9/9
  2645 | D:8      | Found a deep blue altar of Sif Muna.
  2645 | D:8      | Found an iron altar of Okawaru.
  2688 | D:8      | Reached skill level 9 in Unarmed Combat
  2781 | D:8      | Found a sparkling altar of Nemelex Xobeh.
  2827 | D:8      | Found an opulent altar of Gozag.
  2827 | D:8      | Found a glowing silver altar of Zin.
  2832 | D:8      | Reached skill level 10 in Unarmed Combat
  2893 | D:7      | Found a basalt altar of Yredelemnul.
  3249 | D:7      | Reached XP level 9. HP: 42/62 MP: 10/10
  3415 | D:3      | Found a stormy altar of Qazlal.
  3415 | D:3      | Noticed a water elemental
  3447 | D:3      | Noticed an ogre
  3451 | D:3      | Killed an ogre
  3649 | D:5      | Noticed a water moccasin
  3653 | D:5      | Killed a water moccasin
  3667 | D:5      | Found a white marble altar of Elyvilon.
  3829 | D:9      | Noticed a yak
  3829 | D:9      | Noticed a yak
  3829 | D:9      | Noticed a yak
  3847 | D:9      | Killed a yak
  3847 | D:9      | Reached skill level 11 in Unarmed Combat
  3854 | D:9      | Killed a yak
  3863 | D:9      | Killed a yak
  3882 | D:9      | Found a snail-covered altar of Cheibriados.
  3887 | D:9      | Became a worshipper of Cheibriados the Contemplative
  3967 | D:10     | Entered Level 10 of the Dungeon
  3992 | D:10     | Found Milaed Xitu's Jewellery Emporium.
  4030 | D:9      | Found a stormy altar of Qazlal.
  4033 | D:9      | Found a bloodstained altar of Trog.
  4039 | D:9      | Found a burning altar of Makhleb.
  4047 | D:9      | Found a shattered altar of Ashenzari.
  4215 | D:11     | Found a glowing silver altar of Zin.
  4242 | D:11     | Reached skill level 1 in Fighting
  4265 | D:11     | Reached skill level 1 in Invocations
  4268 | D:11     | Noticed a centaur zombie
  4288 | D:11     | Killed a centaur zombie
  4289 | D:11     | Reached * piety under Cheibriados
  4370 | D:11     | Noticed Sonja
  4371 | D:11     | Noticed Sonja
  4371 | D:11     | Sonja changed into Sonja the ogre
  4430 | D:11     | Reached skill level 12 in Unarmed Combat
  4430 | D:11     | Reached XP level 10. HP: 68/74 MP: 11/11
  4432 | D:11     | Noticed Josephine
  4433 | D:11     | Noticed a hill giant
  4445 | D:11     | Killed a hill giant
  4464 | D:11     | Found a staircase to the Orcish Mines.
  4480 | D:11     | Reached ** piety under Cheibriados
  4519 | D:11     | Killed Sonja the ogre
  4600 | D:11     | Killed Josephine
  4630 | D:11     | Reached skill level 10 in Shields
  4675 | Orc:1    | Entered Level 1 of the Orcish Mines
  4755 | Orc:1    | Reached skill level 5 in Dodging
  4760 | Orc:1    | Reached *** piety under Cheibriados
  4785 | Orc:1    | Noticed an orc knight
  4795 | Orc:1    | Killed an orc knight
  4795 | Orc:1    | Reached skill level 13 in Unarmed Combat
  4828 | Orc:1    | Found a roughly hewn altar of Beogh.
  4879 | Orc:1    | Reached skill level 5 in Fighting
  4879 | Orc:1    | Reached XP level 11. HP: 70/86 MP: 13/13
  4945 | Orc:2    | Reached **** piety under Cheibriados
  5012 | Orc:4    | Entered Level 4 of the Orcish Mines
  5079 | Orc:4    | Shot with a bolt by an orc warrior

Action                   |  1- 3 |  4- 6 |  7- 9 | 10-12 || total
-------------------------+-------+-------+-------+-------++-------
Melee: Unarmed           |   178 |   103 |   320 |   193 ||   794
Throw: Throwing net      |     5 |       |       |       ||     5
Evoke: Wand              |       |     5 |     7 |     3 ||    15
       Phial of floods   |       |       |       |     1 ||     1
  Use: Potion            |     1 |       |       |     3 ||     4
       Scroll            |     7 |     5 |     4 |     1 ||    17
  Eat: Beef jerky        |       |     1 |     2 |       ||     3
       Chunk             |       |     2 |     1 |     1 ||     4
       Fruit             |       |     1 |       |       ||     1
       Bread ration      |       |       |     2 |       ||     2
